 Dungeon Crawl Stone Soup version 0.29-a0-459-g97dee8cd24 (webtiles) character file.

Game seed: 18006482853064063751

56 happo123 the Magician (level 4, -2/31 HPs)
             Began as a Djinni Earth Elementalist on May 20, 2022.
             Slain by an orc priest
             ... wielding a +0 hand axe
              (5 damage)
             ... on level 3 of the Dungeon.
             The game lasted 00:11:17 (1890 turns).

happo123 the Magician (Djinni Earth Elementalist)   Turns: 1890, Time: 00:11:18

Health: -2/31      AC:  3    Str:  7    XL:     4   Next: 15%
Gold:   97         EV: 12    Int: 19    God:
                   SH:  0    Dex: 13

rFire   + + .      SeeInvis +   r - +1 hand axe (elec)
rCold   x . .      Faith    .   (no shield)
rNeg    . . .      Spirit   .   k - +0 leather armour
rPois   ∞          Reflect  .   (no helmet)
rElec   .          Harm     .   (no cloak)
rCorr   .          Rampage  .   (no gloves)
Will    .....                   (boots unavailable)
Stlth   ++........              i - amulet of the acrobat
HPRegen 0.10/turn               n - ring of see invisible
MPRegen 0.00/turn               (no ring)

@: flying
A: sickness immunity, fire resistance 2, cold vulnerability 1, float, innate
caster, HP casting, extra vitality 1
a: no special abilities


You were on level 3 of the Dungeon.
You visited 1 branch of the dungeon, and saw 3 of its levels.

You collected 97 gold pieces.

Inventory:

Hand Weapons
 r - a +1 hand axe of electrocution (weapon)
Missiles
 f - 2 throwing nets
 q - a stone
Armour
 b - a +0 robe
 k - a +0 leather armour (worn)
Jewellery
 i - an amulet of the acrobat (around neck)
 n - a ring of see invisible (left hand)
Scrolls
 a - a scroll of enchant armour {unknown}
 g - 4 scrolls of identify {unknown}
 j - 4 scrolls of teleportation {unknown}
 m - a scroll of immolation {unknown}
 p - a scroll of magic mapping {unknown}
Potions
 d - 3 potions of heal wounds {unknown}
 e - a potion of invisibility {unknown}
 h - a potion of curing {unknown}
 l - a potion of mutation {unknown}
 o - a potion of attraction {unknown}


   Skills:
 + Level 0.9 Fighting
 + Level 0.9 Armour
 + Level 2.6 Dodging
 * Level 2.2 Stealth
 * Level 2.9 Spellcasting


You couldn't memorise any spells.
You knew the following spells:

 Your Spells              Type           Power      Damage    Failure   Level
a - Sandblast             Erth           28%        2d8       7%          1
b - Passwall              Tmut/Erth      11%        N/A       10%         2
c - Stone Arrow           Conj/Erth      28%        3d8       21%         3
d - Petrify               Tmut/Erth      14%        N/A       54%         4
e - Freeze                Ice            56%        1d7       7%          1
Your spell library was empty.

Dungeon Overview and Level Annotations

Branches:
Dungeon (3/15)

Altars:


Innate Abilities, Weirdness & Mutations

You are immune to sickness and miasma.
You are immune to poison.
Your flesh is very heat resistant. (rF++)
You are vulnerable to cold. (rC-)
You float through the air rather than walking.
You learn spells naturally, not from books.
Your magical power is your life essence.
You have superior vitality. (+4 MHP)


Message History

The orc wizard closely misses you. The orc priest closely misses you.
You hit the orc wizard but do no damage.
You hit the orc priest. The orc wizard closely misses you.
The orc priest calls down the wrath of Beogh upon you.
Beogh smites you! The orc priest closely misses you.
The orc wizard closely misses you.
Casting: Freeze (safe; 7% risk of failure)
Confirm with . or Enter, or press ? or * to list all spells.
Aiming: Freeze (safe; 7% risk of failure)
Press: ? - help, Shift-Dir - straight line, f - orc priest
Aim: an orc priest, wielding a +0 hand axe and wearing a +0 leather armour (lightly wounded)
You freeze the orc priest.
The orc priest is heavily wounded.
The orc wizard hits you with a +0 dagger.
The orc priest hits you with a +0 hand axe.
* * * LOW HITPOINT WARNING * * *
Your magical contamination has completely faded away.
Casting: Freeze (safe; 7% risk of failure)
Confirm with . or Enter, or press ? or * to list all spells.
Aiming: Freeze (safe; 7% risk of failure)
Press: ? - help, Shift-Dir - straight line, f/p - orc priest
Aim: an orc priest, wielding a +0 hand axe and wearing a +0 leather armour (heavily wounded)
You freeze the orc priest.
The orc priest is severely wounded.
* * * LOW HITPOINT WARNING * * *
The orc wizard completely misses you.
The orc priest looks braver for a moment.
Casting: Freeze (safe; 7% risk of failure)
Confirm with . or Enter, or press ? or * to list all spells.
Aiming: Freeze (safe; 7% risk of failure)
Press: ? - help, Shift-Dir - straight line, f/p - orc priest
Aim: an orc priest, wielding a +0 hand axe and wearing a +0 leather armour (severely wounded)
You freeze the orc priest.
The orc priest is almost dead.
* * * LOW HITPOINT WARNING * * *
The orc wizard gestures at you while chanting.
The puff of flame hits you. You resist.
* * * LOW HITPOINT WARNING * * *
The orc priest hits you with a +0 hand axe.
You die...

......##.#.#..........
.#######..............
.........#.#..........
########.#)###########
... # #).....†..# ###
###.......# ..
#.......# ...
#.).)...# # ...
#....@..###.#
#...oo......#
#............
#.......#####
####+#..#
...............
...............
...............
...............


You could see an orc priest and an orc wizard.

Vanquished Creatures
  A worm (D:2)
  4 orcs (D:3)
  A bat (D:1)
  5 endoplasms
  3 giant cockroaches (D:1)
  5 goblins (D:1)
  4 hobgoblins
  2 jackals (D:1)
  2 quokkas
  4 ball pythons
  4 frilled lizards
  6 kobolds
  4 rats (D:2)
45 creatures vanquished.

Notes
Turn   | Place    | Note
-------+----------+-------------------------------------------
     0 | D:1      | happo123 the Djinni Earth Elementalist began the quest for
                  | the Orb.
     0 | D:1      | Reached XP level 1. HP: 15/15 MP: 0/0
   105 | D:1      | Reached XP level 2. HP: 8/21 MP: 0/0
   399 | D:1      | Found a faded altar of an unknown god.
   536 | D:1      | Reached XP level 3. HP: 18/26 MP: 0/0
   536 | D:1      | Learned a level 1 spell: Freeze
  1688 | D:3      | Reached XP level 4. HP: 30/31 MP: 0/0
  1890 | D:3      | Slain by an orc priest

Illustrated notes

Levels and vault maps discovered:
D:1:      dpeg_arrival_rooms_b, layout_basic, ebering_ecumenical_altar_mist,
          minmay_pentomino_x2
D:2:      layout_loops_ring
D:3:      layout_basic, chequers_serial_rivers_small_a

Skill      XL: |  1  2 |
---------------+-------+-----
Stealth        | 2 |  2.2
Fighting       | |  0.9
Armour         | |  0.9
Dodging        | |  2.6
Spellcasting   | |  2.9

Action                   |  1- 3 |  4- 6 || total
-------------------------+-------+-------++-------
Melee: Hand axe          |     2 |     2 ||     4
 Cast: Sandblast         |    59 |     3 ||    62
       Freeze            |     2 |    11 ||    13
Armor: Robe              |     6 |       ||     6
Dodge: Dodged            |     6 |    12 ||    18

Table legend: (Time is in decaauts)
 A = Elapsed time spent in this place.
 B = Non-inter-level travel time spent in this place.
 C = Inter-level travel time spent in this place.
 D = Time resting spent in this place.
 E = Time spent auto-exploring this place.
 F = Levels seen in this place.
 G = Mean time per level.
                   A        B        C        D        E       F      G
               +--------+--------+--------+--------+--------+-----+--------+
         Total |   1889 |   1152 |    737 |    380 |    479 |   3 |  629.7 |
       Dungeon |   1889 |   1152 |    737 |    380 |    479 |   3 |  629.7 |
               +--------+--------+--------+--------+--------+-----+--------+

Top non-repeatable levels by time:
     D:1: 1033 daAuts
     D:2: 593 daAuts
     D:3: 262 daAuts
